 Dungeon Crawl Stone Soup version 0.28-a0-706-gf6f64a616a (webtiles) character file.

Game seed: 1594662125845865437

2 KoroneIsBestGirl the Chiller (level 1, -1/13 HPs)
             Began as a Barachi Ice Elementalist on Oct 24, 2021.
             Killed from afar by a dart slug (4 damage)
             ... with a slug dart
             ... on level 1 of the Dungeon.
             The game lasted 00:00:08 (49 turns).

KoroneIsBestGirl the Chiller (BaIE)                   Turns: 49, Time: 00:00:08

Health: -1/13      AC:  2    Str:  9    XL:     1   Next: 40%
Magic:  0/3        EV: 12    Int: 15    God:
Gold:   0          SH:  0    Dex: 12    Spells: 3/4 levels left

rFire   . . .      SeeInvis .   (no weapon)
rCold   . . .      Faith    .   (no shield)
rNeg    . . .      Spirit   .   a - +0 robe
rPois   .          Reflect  .   (no helmet)
rElec   .          Harm     .   (no cloak)
rCorr   .          Rampage  .   (no gloves)
Will    .....                   (no boots)
Stlth   ++........              (no amulet)
HPRegen 0.04/turn               (no ring)
MPRegen 0.08/turn               (no ring)

@: slow
A: amphibious, slowness 1, strong legs 1, +LOS
a: Hop


You were on level 1 of the Dungeon.
You visited 1 branch of the dungeon, and saw 1 of its levels.

Inventory:

Armour
 a - a +0 robe (worn)


   Skills:
 + Level 2.2 Dodging
 + Level 1.7 Stealth
 + Level 2.2 Spellcasting
 + Level 5.0 Ice Magic


You had 3 spell levels left.
You knew the following spells:

 Your Spells              Type           Power      Damage    Failure   Level
a - Freeze                Ice            64%        1d8       2%          1

Your spell library contained the following spells:

 Spells                   Type           Power      Damage    Failure   Level
 Frozen Ramparts          Ice            32%        1d5       9%          3
 Ozocubu's Armour         Ice            16%        N/A       9%          3
 Hailstorm                Conj/Ice       9%         3d4       61%         4


Dungeon Overview and Level Annotations

Branches:
Dungeon (1/15)

Altars:


Innate Abilities, Weirdness & Mutations

You are amphibious.
You cover ground slowly.
You can hop short distances.
You have an extended range of vision and can be seen from far away.


Message History

There is an open door here. 2 dart slugs come into view.
Found 24 stones.
Found a twisted amethyst amulet.
You freeze the dart slug.
The dart slug is heavily wounded.
The dart slug misses you.
You freeze the dart slug!
You kill the dart slug!
Your Ice Magic skill increases to level 5!
You can't see any susceptible monsters within range! (Use Z to cast anyway.)
The dart slug launches a dart at you. The slug dart hits you.
The dart slug launches a dart at you. The slug dart misses you.
A kobold comes into view. It is wielding a +0 dagger.
The dart slug bites you.
You are too injured to fight recklessly!
You are too injured to fight recklessly!
You are too injured to fight recklessly!
Casting: Freeze (safe; 2% risk of failure)
Confirm with . or Enter, or press ? or * to list all spells.
Aiming: Freeze (safe; 2% risk of failure)
Press: ? - help, Shift-Dir - straight line, f - dart slug
Aim: a dart slug You freeze the dart slug.
The dart slug is heavily wounded.
The dart slug bites you but does no damage.
Unknown command.
You hit the dart slug.
The dart slug is severely wounded.
You barely miss the dart slug.
The dart slug is severely wounded.
The dart slug bites you.
* * * LOW HITPOINT WARNING * * *
You hit the dart slug.
The dart slug is almost dead.
The dart slug launches a dart at you. The slug dart hits you.
You die...

(##.. #..... ....
#.... ... #... ..
#.. #. #.# #
#.###.##.###.
#.#.#.............
#.......#########.
.....#.@#'..(....#
.......w##.#######.#
.......##.'#.....##
.......#.##.#####.##
.(.... #≈#.##...##.#
...... # #.#.###.#≈#
..... #.#≈#<#.#.#
....K #.#.'##.#.#
.... #.##...##.#


You could see a dart slug and a kobold (asleep).

Vanquished Creatures
  A dart slug (D:1)
1 creature vanquished.

Notes
Turn   | Place    | Note
-------+----------+-------------------------------------------
     0 | D:1      | KoroneIsBestGirl the Barachi Ice Elementalist began the
                  | quest for the Orb.
     0 | D:1      | Reached XP level 1. HP: 13/13 MP: 3/3
    43 | D:1      | Reached skill level 5 in Ice Magic
    49 | D:1      | Killed from afar by a dart slug

Illustrated notes

Levels and vault maps discovered:
D:1:      evilmike_arrival_rings, layout_basic, chequers_serial_rivers_small_a,
          amethyst_killhole

Skill      XL: |  1 |
---------------+----+-----
Ice Magic      | 5 |  5.0
Dodging        | |  2.2
Stealth        | |  1.7
Spellcasting   | |  2.2

Action                   || total
-------------------------++-------
Melee: Unarmed           ||     3
 Cast: Freeze            ||     3
Armor: Robe              ||     1
Dodge: Dodged            ||     2

Table legend: (Time is in decaauts)
 A = Elapsed time spent in this place.
 B = Non-inter-level travel time spent in this place.
 C = Inter-level travel time spent in this place.
 D = Time resting spent in this place.
 E = Time spent auto-exploring this place.
 F = Levels seen in this place.
 G = Mean time per level.
                   A        B        C        D        E       F      G
               +--------+--------+--------+--------+--------+-----+--------+
         Total |     57 |     57 |      0 |      0 |     42 |   1 |   57.0 |
       Dungeon |     57 |     57 |      0 |      0 |     42 |   1 |   57.0 |
               +--------+--------+--------+--------+--------+-----+--------+

Top non-repeatable levels by time:
     D:1: 57 daAuts
